 Dungeon Crawl Stone Soup version 0.18.1-8-gdd0e5ea (webtiles) character file.

182764 manyhoops the Draconian Blade (level 17, -5/162 HPs)
             Began as a Yellow Draconian Fighter on May 31, 2016.
             Was the Champion of Okawaru.
             Slain by a black mamba (18 damage)
             ... on level 2 of the Snake Pit.
             The game lasted 01:35:27 (42816 turns).

manyhoops the Draconian Blade (DrFi)               Turns: 42816, Time: 01:35:28

Health: -5/162     AC: 18    Str: 23    XL:     17   Next: 36%
Magic:  22/22      EV: 13    Int: 11    God:    Okawaru [******]
Gold:   1721       SH:  5    Dex: 11    Spells: 2 memorised, 12 levels left

rFire  + . .     SeeInvis +     J - +7 triple sword (slice)
rCold  . . .     Gourm    .     (armour unavailable)
rNeg   . . .     Faith    .     (shield currently unavailable)
rPois  +         Spirit   .     B - +2 hat {MR+}
rElec  .         Dismiss  .     C - +2 cloak {rPois}
rCorr  +         Reflect  +     G - +0 pair of gloves of Tegunif {SInv}
SustAt .         Harm     .     y - +2 pair of boots of the Assassin {DetectMon Stab+ Stlth++}
MR     ++++.     Clarity  +     s - +5 amulet of reflection
Stlth  ++++......               n - ring of protection from fire
                                f - ring of protection from magic

@: incredibly resistant to hostile enchantments, stealthy
A: spit acid, acid resistance, unfitting armour, clarity, magic resistance 1,
acidic bite, cold-blooded, AC +9
a: Spit Acid, Heroism, Finesse, Renounce Religion
}: 1/15 runes: decaying


You were on level 2 of the Snake Pit.
You worshipped Okawaru.
Okawaru was exalted by your worship.
You were very hungry.

You visited 7 branches of the dungeon, and saw 34 of its levels.
You also visited: Labyrinth, Ossuary and Volcano.

You collected 3348 gold pieces.
You spent 1627 gold pieces at shops.

Inventory:

Hand Weapons
 J - a +7 triple sword of slicing (weapon)
 N - a +2 triple sword of flaming
Missiles
 P - 4 throwing nets (quivered)
 V - 6 javelins of returning
Armour
 y - the +2 pair of boots of the Assassin (worn) {DetectMon Stab+ Stlth++}
   (Okawaru gifted it to you on level 1 of the Lair of Beasts)

   It makes you much more stealthy.
 B - a +2 hat of magic resistance (worn)
 C - a +2 cloak of poison resistance (worn)
 G - the +0 pair of gloves of Tegunif (worn) {SInv}
   (You found it on level 7 of the Lair of Beasts)

   It lets you see invisible.
 R - a +0 swamp dragon armour
Jewellery
 f - a ring of protection from magic (left hand)
 g - an uncursed amulet of regeneration
 n - a ring of protection from fire (right hand)
 s - a +5 amulet of reflection (around neck)
 t - the ring of Caufioss {-Tele rF- rC+++ Str+3 Int+2}
   (You found it in a labyrinth)

   [ring of intelligence]

   It affects your strength (+3).
   It affects your intelligence (+2).
   It makes you vulnerable to fire.
   It renders you almost immune to cold.
   It prevents most forms of teleportation.
Wands
 i - a wand of acid (4/15)
 m - a wand of lightning (10/15)
 I - a wand of disintegration (11/24)
 U - a wand of iceblast (5/15)
Scrolls
 j - 10 scrolls of remove curse
 k - 5 scrolls of magic mapping
 l - 5 scrolls of fog
 r - 5 scrolls of teleportation
 u - 6 scrolls of recharging
 v - 6 scrolls of identify
 w - 6 scrolls of noise
 K - a scroll of summoning
 M - 6 scrolls of enchant armour
Potions
 b - a potion of ambrosia
 c - 3 potions of might
 e - 11 potions of curing
 o - 3 potions of resistance
 p - 6 potions of flight
 q - a potion of berserk rage
 z - 5 potions of agility
 E - a potion of magic
 L - 2 potions of brilliance
 Y - 2 potions of haste
 Z - a potion of invisibility
Miscellaneous
 Q - a box of beasts {used: 2}
 W - a phial of floods
Comestibles
 d - 6 bread rations


   Skills:
 - Level 17.4 Fighting
 - Level 24.0 Long Blades
 - Level 3.4 Dodging
 * Level 5.5 Stealth
   Level 4.5 Shields
 - Level 7.4 Invocations
 - Level 0.2 Evocations


You had 12 spell levels left.
You knew the following spells:

 Your Spells              Type           Power        Failure   Level  Hunger
a - Passwall              Trmt/Erth      #.........   56%         2    ###....
b - Blink                 Tloc           N/A          56%         2    ###....


Dungeon Overview and Level Annotations

Branches:
Dungeon (15/15)            Temple (1/1) D:4            Lair (8/8) D:9
  Swamp (4/4) Lair:6        Snake (3/4) Lair:4        Slime (0/6) Lair:8
    Orc (2/2) D:12            Elf (0/3) Orc:2        Vaults (1/5) D:13
 Depths (0/5) D:15

Altars:
Ashenzari
Cheibriados
Dithmenos
Elyvilon
Fedhas
Gozag
Kikubaaqudgha
Makhleb
Nemelex Xobeh
Okawaru
Pakellas
Qazlal
Ru
Sif Muna
Trog
Vehumet
Xom
Yredelemnul
Zin
The Shining One
Beogh

Shops:
D:10 ?   D:11 %   D:15 %   Orc:2 [:*(


Innate Abilities, Weirdness & Mutations

You can spit globs of acid.
You are resistant to acid.
Your golden yellow scales are hard (AC +9).
Your body does not fit into most forms of armour.
You have acidic saliva.
You are cold-blooded and may be slowed by cold attacks.
You possess an exceptional clarity of mind.
You are resistant to hostile enchantments.


Message History

The black mamba bites you.
* * * LOW HITPOINT WARNING * * *
The black mamba misses you. x2
You feel much better. You block the black mamba's attack.
The black mamba closely misses you. The black mamba misses you.
The black mamba bites you!
* * * LOW HITPOINT WARNING * * *
You hit the black mamba. You tail-slap the black mamba.
The black mamba is moderately wounded.
The black mamba misses you. The black mamba barely misses you.
You barely miss the black mamba.
Your tail-slap misses the black mamba.
The black mamba is moderately wounded.
You block the black mamba's attack. The black mamba bites you!
* * * LOW HITPOINT WARNING * * *
You barely miss the black mamba.
Your tail-slap misses the black mamba.
The black mamba is moderately wounded.
The black mamba bites you!
* * * LOW HITPOINT WARNING * * *
The black mamba bites you!!
You die...

##.........[# .[..
###).........## ....
###.............#
...#####...##..........#
.......................# #
#................>...#
...##.......รท............#
.........)S)...#........##
.##.....@[...........##
.....##........S).......######
.8...###.#..........##.#
..S..##............#..#
N....##.####....###.##
####.S8.S## ##...# #.#
N..SS..$..# ##..# #.#
..........# #..# #.#
.8..8.<.8.+ #### #.#


You could see 2 black mambas.

Vanquished Creatures
  Rupert (Orc:2)
  Gastronok (D:9)
  2 thorn hunters
  Kirke (Swamp:2)
  A greater naga (Snake:2)
  Roxanne (Swamp:2)
  An orc warlord (Orc:1)
  A vault warden (Vaults:1)
  3 stone giants
  The ghost of Scarto the Fighter, a journeyman DsFi (D:13)
  A minotaur (Lab)
  2 yaktaur captains
  The ghost of Gagarin the Nimble, a journeyman MiGl of the Shining One (Lair:1)
  21 hydras
  Harold (Orc:1)
  2 naga warriors
  4 catoblepae
  2 ghost crabs
  3 centaur warriors (D:15)
  Erica (Lair:2)
  6 alligators
  2 anacondas (Snake:3)
  A tengu warrior (D:14)
  23 death yaks
  2 orc high priests (Orc:2)
  A spriggan berserker (Swamp:4)
  A shock serpent (Snake:2)
  Sonja (Lair:1)
  A fire crab (Volcano)
  An unseen horror (Vaults:1)
  A flayed ghost (D:15)
  An unseen horror (shapeshifter) (D:13)
  A naga ritualist (Snake:2)
  4 spriggan druids
  A shambling mangrove (Swamp:4)
  15 swamp dragons
  7 hill giants
  A wolf spider zombie (D:13)
  5 orc knights
  Pikel (D:7)
  3 orc sorcerers (Orc:2)
  2 griffons
  6 manticores
  A salamander (Snake:1)
  4 hornets
  An ugly thing (D:13)
  4 deep elf magi
  The ghost of deorigin the Chiller, a novice DsIE (D:6)
  A toenail golem (Volcano)
  An octopode (shapeshifter) (D:13)
  2 vault sentinels (Vaults:1)
  2 naga magi (Snake:1)
  10 black mambas
  5 elephants
  Psyche (D:10)
  18 spiny frogs
  3 gargoyles
  3 centaur skeletons
  A kobold demonologist (D:14)
  10 yaktaurs
  3 rime drakes
  7 komodo dragons
  2 tengu conjurers (D:14)
  A polar bear (Lair:6)
  A queen bee (D:10)
  8 trolls
  A raiju (shapeshifter) (D:13)
  9 slime creatures
  2 two-headed ogres
  5 giant leeches
  22 blink frogs
  13 bog bodies
  The ghost of deorigin the Chiller, an amateur DsIE (D:5)
  4 shadows
  2 vampires
  2 wraiths (Ossuary)
  2 hogs (Swamp:2)
  17 spriggans
  42 yaks
  4 wyverns
  A fire elemental (Volcano)
  2 hungry ghosts
  3 basilisks
  17 hippogriffs
  Grum (Lair:1)
  A human simulacrum (Vaults:1)
  Menkaure (D:7)
  10 insubstantial wisps
  4 wargs
  18 vampire mosquitoes
  7 nagas
  A mottled dragon (D:11)
  A soldier ant (D:13)
  20 swamp worms
  20 water moccasins
  A hell hound (Volcano)
  9 porcupines
  11 swamp drakes
  2 sky beasts
  26 orc warriors
  3 ice beasts
  A necrophage (D:10)
  3 eyes of draining
  12 ogres
  15 wasps
  5 black bears
  16 wolves
  A boggart (shapeshifter) (D:15)
  2 phantoms
  5 centaurs
  15 crocodiles
  The ghost of daning the Charmwright, an amateur HESk (D:3)
  23 giant frogs
  3 big kobolds
  A gnoll sergeant (D:10)
  A water moccasin skeleton (D:6)
  2 wyvern skeletons
  4 scorpions
  22 killer bees
  7 howler monkeys
  12 wights
  4 electric eels
  12 crimson imps
  6 jellies
  3 centaur zombies
  23 orc priests
  A quasit (D:8)
  A wasp zombie (D:12)
  9 hounds
  4 giant frog skeletons
  9 iguanas
  Natasha (thrice) (D:4)
  26 orc wizards
  12 worker ants
  15 sheep
  A hound zombie (D:5)
  A mummy (D:5)
  3 worker ant zombies
  A howler monkey zombie (D:6)
  3 gnolls (D:10)
  17 adders
  36 river rats
  3 shadow imps
  2 oozes
  4 adder skeletons
  2 adder zombies
  3 worms
  3 dart slugs
  6 giant geckos
  115 orcs
  4 giant cockroaches
  6 goblins
  8 hobgoblins
  18 jackals
  3 quokkas
  8 bats
  A giant gecko skeleton (D:6)
  3 giant newts
  A hobgoblin skeleton (Ossuary)
  2 hobgoblin zombies (Ossuary)
  19 kobolds
  2 kobold zombies
  2 orc skeletons (Ossuary)
  An orc zombie (D:5)
  A quokka skeleton (D:5)
  10 rats
  A briar patch (Swamp:1)
1082 creatures vanquished.

Vanquished Creatures (others)
  A troll (D:6)
  A human (Swamp:2)
  2 centaurs
  A crimson imp (D:7)
  A hound (D:6)
  A gnoll (D:6)
  A ball python (D:7)
  A jackal (D:7)
  A bush (Lair:8)
  40 fungi
  14 plants
64 creatures vanquished.

Grand Total: 1146 creatures vanquished

Notes
Turn   | Place    | Note
--------------------------------------------------------------
     0 | D:1      | manyhoops the Draconian Fighter began the quest for the Orb.
     0 | D:1      | Reached XP level 1. HP: 19/19 MP: 1/1
   180 | D:1      | Reached XP level 2. HP: 26/26 MP: 2/2
   772 | D:2      | Reached XP level 3. HP: 31/33 MP: 3/3
  1207 | D:2      | Found a sparkling altar of Nemelex Xobeh.
  1207 | D:2      | Found a shadowy altar of Dithmenos.
  1399 | D:3      | Reached XP level 4. HP: 31/41 MP: 4/4
  1483 | D:3      | Reached skill level 3 in Long Blades
  1488 | D:3      | Reached XP level 5. HP: 23/47 MP: 5/5
  2038 | D:3      | Found a basalt altar of Yredelemnul.
  2473 | D:3      | Noticed daning's ghost (amateur HESk)
  2495 | D:3      | Killed daning's ghost
  2495 | D:3      | Reached skill level 5 in Fighting
  2495 | D:3      | Reached XP level 6. HP: 39/56 MP: 6/6
  2572 | D:3      | Reached skill level 4 in Long Blades
  2746 | D:4      | Found a sparkling altar of Nemelex Xobeh.
  2852 | D:4      | Found a staircase to the Ecumenical Temple.
  3186 | D:4      | Noticed Natasha
  3209 | D:4      | Killed Natasha
  3214 | D:4      | Noticed Natasha
  3225 | D:4      | Killed Natasha
  3225 | D:4      | Reached skill level 5 in Long Blades
  3291 | D:4      | Your scales start taking on a golden yellow colour.
  3291 | D:4      | Reached XP level 7. HP: 45/62 MP: 7/7
  3382 | D:4      | Reached skill level 6 in Long Blades
  3714 | D:4      | Gained mutation: You tend to lose your temper in combat. [potion of mutation]
  3714 | D:4      | Gained mutation: You are weak. (Str -2) [potion of mutation]
  3714 | D:4      | Gained mutation: Your magical capacity is low (-10% MP). [potion of mutation]
  3823 | D:4      | Noticed Natasha
  3828 | D:4      | Killed Natasha
  4029 | D:5      | Entered Level 5 of the Dungeon
  4058 | D:5      | Noticed deorigin's ghost (amateur DsIE)
  4234 | Temple   | Entered the Ecumenical Temple
  4383 | D:5      | Found a sand-covered staircase.
  4391 | Ossuary  | Entered an ossuary
  4486 | Ossuary  | Noticed a flying skull
  4486 | Ossuary  | Noticed a wraith
  4495 | Ossuary  | Noticed a flying skull
  4525 | Ossuary  | Noticed a wraith
  4549 | Ossuary  | Killed a wraith
  4549 | Ossuary  | Reached skill level 7 in Long Blades
  4549 | Ossuary  | Reached XP level 8. HP: 16/71 MP: 7/7
  4798 | Ossuary  | Noticed a flying skull
  4898 | Ossuary  | Reached skill level 8 in Long Blades
  5115 | D:5      | Killed deorigin's ghost
  5406 | D:5      | Reached skill level 9 in Long Blades
  5451 | D:5      | Found an iron altar of Okawaru.
  5459 | D:5      | Became a worshipper of Warmaster Okawaru
  5720 | D:5      | Found an oddly glowing altar of Pakellas.
  5724 | D:5      | Found a deep blue altar of Sif Muna.
  5729 | D:5      | Found a shattered altar of Ashenzari.
  6076 | D:6      | Noticed deorigin's ghost (novice DsIE)
  6425 | D:6      | Killed a troll
  6524 | D:6      | Reached XP level 9. HP: 79/79 MP: 8/8
  6594 | D:6      | Found a shimmering altar of Xom.
  6604 | D:6      | Reached skill level 1 in Invocations
  6618 | D:6      | Reached * piety under Okawaru
  6618 | D:6      | Reached skill level 10 in Long Blades
  7318 | D:6      | Killed deorigin's ghost
  7558 | D:7      | Reached ** piety under Okawaru
  7639 | D:7      | Noticed Pikel
  7673 | D:7      | Killed Pikel
  7673 | D:7      | Reached skill level 11 in Long Blades
  7830 | D:7      | Noticed Menkaure
  7843 | D:7      | Killed Menkaure
  7843 | D:7      | Reached XP level 10. HP: 75/90 MP: 11/11
  7847 | D:7      | Reached *** piety under Okawaru
  8409 | D:7      | Found a glowing golden altar of the Shining One.
  8410 | D:7      | Found a radiant altar of Vehumet.
  8915 | D:8      | Reached skill level 12 in Long Blades
  9546 | D:8      | Found a bloodstained altar of Trog.
  9771 | D:9      | Found a blossoming altar of Fedhas.
  9809 | D:9      | Found a stormy altar of Qazlal.
  9830 | D:9      | You fall through a shaft!
  9830 | D:10     | Entered Level 10 of the Dungeon
 10025 | D:10     | Found Wegez's Magic Scroll Shoppe.
 10028 | D:10     | Bought a scroll of identify for 28 gold pieces
 10028 | D:10     | Bought a scroll of identify for 28 gold pieces
 10028 | D:10     | Bought a scroll of identify for 28 gold pieces
 10030 | D:10     | Identified a scroll of acquirement
 10541 | D:10     | Gained mutation: Potions and wands are less effective at restoring your health. [potion of mutation]
 10541 | D:10     | Gained mutation: Your natural rate of healing is unusually fast. [potion of mutation]
 10541 | D:10     | Gained mutation: You are robust (+10% HP). [potion of mutation]
 10782 | D:10     | Noticed Psyche
 10802 | D:10     | Killed Psyche
 10802 | D:10     | Reached **** piety under Okawaru
 11013 | D:10     | Reached skill level 13 in Long Blades
 11726 | D:9      | Found a snail-covered altar of Cheibriados.
 11913 | D:9      | Noticed Gastronok
 11916 | D:9      | Reached XP level 11. HP: 16/106 MP: 13/13
 11916 | D:9      | HP: 1/106 [Gastronok/the air (16)]
 12158 | D:9      | Killed Gastronok
 12158 | D:9      | Reached ***** piety under Okawaru
 12158 | D:9      | Reached skill level 5 in Invocations
 12316 | D:9      | Reached skill level 10 in Fighting
 12555 | D:9      | Received a gift from Okawaru
 12555 | D:9      | Reached skill level 14 in Long Blades
 12724 | D:9      | Found a staircase to the Lair.
 13158 | D:11     | Found Ysoll's Food Boutique.
 13349 | D:11     | Noticed a deep elf mage
 13361 | D:11     | Killed a deep elf mage
 13470 | D:11     | Noticed a hill giant
 13495 | D:11     | Killed a hill giant
 14744 | D:12     | Found a staircase to the Orcish Mines.
 14804 | D:12     | Received a gift from Okawaru
 14804 | D:12     | Reached skill level 15 in Long Blades
 14902 | D:12     | Noticed a hill giant
 14906 | D:12     | Killed a hill giant
 14906 | D:12     | Reached XP level 12. HP: 96/118 MP: 15/15
 15204 | D:12     | You fall through a shaft!
 15204 | D:13     | Noticed Scarto's ghost (journeyman DsFi)
 15404 | Lair:1   | Entered Level 1 of the Lair of Beasts
 15423 | D:9      | Lost mutation: Potions and wands are less effective at restoring your health. [potion of cure mutation]
 15423 | D:9      | Lost mutation: Your natural rate of healing is unusually fast. [potion of cure mutation]
 15423 | D:9      | Lost mutation: You are weak. (Str -2) [potion of cure mutation]
 15423 | D:9      | Lost mutation: You tend to lose your temper in combat. [potion of cure mutation]
 15423 | D:9      | Lost mutation: You are robust (+10% HP). [potion of cure mutation]
 15424 | D:9      | Gained mutation: You possess an exceptional clarity of mind. [potion of beneficial mutation]
 15557 | Lair:1   | Found a labyrinth entrance.
 15656 | Lab      | Entered a labyrinth
 15792 | Lab      | Noticed a minotaur
 15799 | Lab      | Killed a minotaur
 15805 | Lab      | Got a pitted iron ring
 15808 | Lab      | Identified the ring of Caufioss {-Tele rF- rC+++ Str+3 Int+2} (You found it in a labyrinth)
 15838 | Lab      | Got a jewelled halberd
 15838 | Lab      | Got a jewelled hand axe
 15839 | Lab      | Identified the +2 halberd "Huroecs" {flame, rPois rF+ Dex-5} (You found it in a labyrinth)
 15840 | Lab      | Identified the +5 hand axe of Kutall {venom, rElec MP+9 SInv} (You found it in a labyrinth)
 16207 | Orc:1    | Entered Level 1 of the Orcish Mines
 16207 | Orc:1    | Noticed Harold
 16220 | Orc:1    | Killed Harold
 16377 | Orc:2    | Entered Level 2 of the Orcish Mines
 16390 | Orc:2    | Reached skill level 16 in Long Blades
 16440 | Orc:2    | Found a roughly hewn altar of Beogh.
 16453 | Orc:2    | Noticed an orc warlord
 17051 | Lair:1   | Noticed a seven-headed hydra
 17070 | Lair:1   | Killed a one-headed hydra
 17513 | Lair:1   | Noticed Grum
 17532 | Lair:1   | Killed Grum
 17782 | Lair:1   | Noticed Gagarin's ghost (journeyman MiGl)
 17803 | Lair:1   | Killed Gagarin's ghost
 17803 | Lair:1   | Received a gift from Okawaru
 17803 | Lair:1   | Reached skill level 17 in Long Blades
 17966 | Lair:1   | Noticed Sonja
 17973 | Lair:1   | Killed Sonja
 18626 | Lair:2   | Noticed a seven-headed hydra
 18640 | Lair:2   | Killed a two-headed hydra
 18640 | Lair:2   | Reached skill level 18 in Long Blades
 18981 | Lair:2   | Noticed Erica
 18994 | Lair:2   | Killed Erica
 18994 | Lair:2   | Reached XP level 13. HP: 117/117 MP: 16/16
 21090 | Lair:4   | Found a staircase to the Snake Pit.
 21187 | Lair:4   | Reached skill level 19 in Long Blades
 21310 | Lair:4   | Received a gift from Okawaru
 22966 | Lair:6   | Reached ****** piety under Okawaru
 22966 | Lair:6   | Received a gift from Okawaru
 23930 | Lair:6   | Found a staircase to the Swamp.
 24052 | Lair:7   | Found a dark tunnel.
 24060 | Volcano  | Entered a volcano
 24170 | Lair:7   | Reached skill level 20 in Long Blades
 24175 | Lair:7   | Gained mutation: You have acidic saliva. [Yellow Draconian growth]
 24175 | Lair:7   | Reached XP level 14. HP: 104/129 MP: 17/17
 24728 | Lair:7   | Got a pair of fine gloves
 24734 | Lair:7   | Identified the +0 pair of gloves of Tegunif {SInv} (You found it on level 7 of the Lair of Beasts)
 25140 | Lair:8   | Entered Level 8 of the Lair of Beasts
 25773 | Lair:8   | Received a gift from Okawaru
 25904 | Lair:8   | Lost mutation: Your magical capacity is low (-10% MP). [potion of mutation]
 25904 | Lair:8   | Gained mutation: You are resistant to hostile enchantments. [potion of mutation]
 26033 | Lair:8   | Found a staircase to the Slime Pits.
 27367 | Lair:8   | Reached skill level 21 in Long Blades
 27972 | Lair:8   | Received a gift from Okawaru
 28578 | Lair:8   | Reached XP level 15. HP: 123/138 MP: 20/20
 28612 | Lair:8   | Got an ancient zirconium amulet
 28614 | Lair:8   | Identified the amulet "Ugotyj" {Dismiss +Blink rN+} (You found it on level 8 of the Lair of Beasts)
 28986 | Orc:1    | Killed an orc warlord
 29312 | Orc:2    | Found Mievumix's Book Emporium.
 29315 | Orc:2    | Noticed Rupert
 29442 | Orc:2    | Killed Rupert
 29899 | Orc:2    | Found a staircase to the Elven Halls.
 29902 | Orc:2    | Found Ocihug's General Store.
 29992 | Orc:2    | Reached skill level 22 in Long Blades
 30004 | Orc:2    | Bought a scroll of teleportation for 45 gold pieces
 30004 | Orc:2    | Bought a scroll of teleportation for 45 gold pieces
 30039 | Orc:2    | Found Qoygguoq's Antique Weapon Shop.
 30050 | Orc:2    | Bought a crystal long sword for 297 gold pieces
 30050 | Orc:2    | Identified the +6 long sword "Roeczy" {slice, Str+4 SInv} (You bought it in a shop on level 2 of the Orcish Mines)
 30339 | Orc:2    | Found Puf Pax's Antique Armour Boutique.
 30348 | Orc:2    | Bought a fine shield for 323 gold pieces
 30432 | Orc:2    | Identified the +2 shield of the Beginning {Int+3 Dex+4 SInv} (You bought it in a shop on level 2 of the Orcish Mines)
 31153 | D:10     | Bought a scroll of acquirement for 728 gold pieces
 31153 | D:10     | Bought a scroll of enchant armour for 105 gold pieces
 31157 | D:10     | Got a pair of ichor-stained boots
 31169 | D:10     | Identified the -1 pair of boots "Cokhluzea" {Dex+4} (You acquired it on level 10 of the Dungeon)
 31393 | D:13     | Found a gate to the Vaults.
 31747 | D:13     | Received a gift from Okawaru
 31750 | D:13     | Got a twisted long sword {god gift}
 31751 | D:13     | Identified the +1 long sword of Gicsim {freeze, Str+3 Int+3} (Okawaru gifted it to you on level 13 of the Dungeon)
 31887 | D:13     | Killed Scarto's ghost
 33143 | D:15     | Entered Level 15 of the Dungeon
 33448 | D:15     | Found a staircase to the Depths.
 33453 | D:15     | Reached skill level 15 in Fighting
 33500 | D:15     | Found Wuatuokh's Food Shop.
 33655 | D:15     | Received a gift from Okawaru
 34023 | D:15     | Found a shattered altar of Ashenzari.
 34379 | Swamp:1  | Entered Level 1 of the Swamp
 34449 | Swamp:1  | Noticed a thorn hunter
 34830 | Swamp:1  | Killed a thorn hunter
 34830 | Swamp:1  | Reached skill level 23 in Long Blades
 34918 | Swamp:1  | Reached XP level 16. HP: 81/149 MP: 21/21
 36109 | Swamp:1  | Received a gift from Okawaru
 36347 | Swamp:2  | Noticed Roxanne
 36367 | Swamp:2  | Killed Roxanne
 36369 | Swamp:2  | Identified Roxanne's Guide on the Rocks (You took it off Roxanne on level 2 of the Swamp)
 36400 | Swamp:2  | Learned a level 2 spell: Passwall
 36647 | Swamp:2  | Noticed Kirke
 36665 | Swamp:2  | Killed Kirke
 37306 | Swamp:3  | Learned a level 2 spell: Blink
 37511 | Swamp:4  | Entered Level 4 of the Swamp
 38286 | Swamp:4  | HP: 6/151 [spriggan druid/angry trees (11)]
 38287 | Swamp:4  | HP: 2/151 [spriggan druid/quarterstaff (17)]
 38483 | Swamp:4  | Received a gift from Okawaru
 38639 | Swamp:4  | Noticed a thorn hunter
 38650 | Swamp:4  | Killed a thorn hunter
 38650 | Swamp:4  | Reached skill level 24 in Long Blades
 38744 | Swamp:4  | Reached skill level 1 in Stealth
 39817 | Swamp:4  | Reached XP level 17. HP: 152/160 MP: 22/22
 39819 | Swamp:4  | Received a gift from Okawaru
 39866 | Swamp:4  | Got a decaying rune of Zot
 40664 | Vaults:1 | Entered Level 1 of the Vaults
 41691 | Snake:1  | Entered Level 1 of the Snake Pit
 41806 | Snake:2  | HP: 5/162 [greater naga/spear (5)]
 42538 | Snake:3  | Reached skill level 5 in Stealth
 42816 | Snake:2  | Slain by a black mamba

Skill      XL: |  1  2  3  4  5  6  7  8  9 10 11 12 13 14 15 16 17 |
---------------+----------------------------------------------------+-----
Fighting       | 4 5 6 7 8 9 10 11 13 14 15 16 17 | 17.4
Shields        | 4 |  4.5
Long Blades    | 3 5 7 9 11 13 15 18 20 21 23 24 | 24.0
Invocations    | 3 4 6 7 |  7.4
Stealth        | 2 5 |  5.5
Dodging        | 3 |  3.4
Evocations     | |  0.2

Action                   |  1- 3 |  4- 6 |  7- 9 | 10-12 | 13-15 | 16-18 || total
-------------------------+-------+-------+-------+-------+-------+-------++-------
Melee: Long sword        |   141 |   225 |   462 |   171 |       |       ||   999
       Tailslap          |    11 |    24 |    58 |   122 |   174 |    83 ||   472
       Double sword      |       |       |       |   263 |       |       ||   263
       Triple sword      |       |       |       |   491 |  1231 |   676 ||  2398
       Falchion          |       |       |       |    27 |       |       ||    27
       Scimitar          |       |       |       |       |    19 |       ||    19
       Bite              |       |       |       |       |    82 |    64 ||   146
Throw: Throwing net      |       |       |       |       |     2 |       ||     2
Invok: Heroism           |       |       |       |     4 |     8 |     6 ||    18
       Finesse           |       |       |       |     3 |     4 |     5 ||    12
 Abil: Spit Acid         |       |       |     3 |     5 |     2 |     3 ||    13
Evoke: Wand              |       |       |       |     3 |     1 |       ||     4
       Box of beasts     |       |       |       |       |       |     2 ||     2
  Use: Scroll            |       |     3 |    11 |    17 |    12 |    12 ||    55
       Potion            |       |     1 |     7 |    10 |     4 |     6 ||    28
 Stab: Sleeping          |     2 |       |     1 |     4 |    25 |     6 ||    38
       Distracted        |       |       |       |     1 |     3 |     4 ||     8
       Confused          |       |       |       |       |     2 |     1 ||     3
  Eat: Chunk             |     1 |     7 |    10 |    27 |    16 |     7 ||    68
       Bread ration      |       |       |     1 |     3 |     8 |     3 ||    15
       Meat ration       |       |       |     1 |     1 |       |     1 ||     3
       Royal jelly       |       |       |       |       |     1 |       ||     1
       Pizza             |       |       |       |       |     1 |       ||     1
       Beef jerky        |       |       |       |       |       |     1 ||     1
Armor: Skin              |    51 |    63 |   146 |   414 |   414 |   295 ||  1383
Dodge: Dodged            |    61 |    94 |   150 |   416 |   553 |   392 ||  1666
Block: Shield            |    70 |   149 |   321 |   344 |       |       ||   884
       Reflection        |       |     5 |    11 |    14 |     3 |     1 ||    34
       Other             |       |       |       |    97 |   239 |    47 ||   383
